AoeStats
← Joe Farmer

Arabia

505115671Analyzed
2v2 RM · 26d ago on Sep 7, 2026· 61m 33s· 4 players
Game mode
Random Map
Map size
Medium (4 player)
Population
200
Speed
Normal
Resources
Standard
Victory
Conquest
Starting age
Dark Age
Ending age
Imperial Age
RankedLock teamsTeams togetherTeam positionsShared explorationLock speedFull tech treeHidden civsTurbo modeCheats
Victory
Defeat
🇩🇪 Vietnamese · Germany
658
+14
🇩🇪 Sicilians · Germany
612
+16
🇮🇹 Burmese · Italy
615
-15
🇮🇹 Hindustanis · Italy
606
-15
Bufalo
6:52 Loom
12:00 Feudal Age
12:21 Horse Collar
17:04 Man-at-Arms
27:44 Castle Age
28:24 Forging
28:04 Fletching
28:17 Scale Mail Armor
28:36 Heavy Plow
29:10 Gold Mining
29:15 Stone Mining
29:04 Elite Skirmisher
29:57 Long Swordsman
30:39 Squires
31:45 Caravan
31:59 Arson
35:45 Wheelbarrow
34:56 Town Watch
35:17 Murder Holes
36:02 Iron Casting
35:22 Bodkin Arrow
37:53 Hand Cart
38:16 Gold Shaft Mining
41:53 Imperial Age
40:00 Town Patrol
40:18 Padded Archer Armor
41:08 Chain Mail Armor
43:16 Crop Rotation
43:22 Two-Handed Swordsman
45:10 Chemistry
45:02 Conscription
46:58 Blast Furnace
46:01 Bracer
46:36 Champion
47:16 Pikeman
47:54 Heavy Scorpion
48:24 Halberdier
51:32 Crossbowman
55:03 Elite Arambai
60:50 Elite Battle Elephant
Kenpachi
0:27 Loom
10:10 Feudal Age
10:36 Double-Bit Axe
10:35 Horse Collar
11:52 Town Watch
20:59 Castle Age
19:48 Gold Mining
20:29 Stone Mining
22:11 Bow Saw
22:06 Elite Skirmisher
24:34 Heavy Plow
26:43 Pikeman
27:31 Squires
27:22 Fletching
28:38 Bodkin Arrow
35:51 Wheelbarrow
36:15 Forging
39:51 Imperial Age
38:35 Gold Shaft Mining
38:04 Padded Archer Armor
40:09 Murder Holes
40:40 Hand Cart
42:04 Two-Man Saw
41:43 Stone Shaft Mining
41:25 Leather Archer Armor
43:08 Conscription
43:32 Conscription
43:22 Husbandry
43:29 Scale Barding Armor
46:01 Caravan
46:27 Chain Barding Armor
47:09 Town Patrol
47:52 Ballistics
49:53 Chemistry
49:44 Shatagni
51:27 Grand Trunk Road
53:26 Heavy Camel Rider
54:23 Onager
55:23 Bracer
60:08 Iron Casting
60:04 Ring Archer Armor
59:34 Scale Mail Armor
60:10 Plate Barding Armor
Explorer
8:16 Loom
10:44 Feudal Age
11:22 Double-Bit Axe
14:10 Wheelbarrow
14:41 Horse Collar
16:32 Fletching
24:19 Castle Age
24:51 Stone Mining
25:14 Bow Saw
25:07 Heavy Plow
25:09 Bodkin Arrow
25:35 Hand Cart
26:57 Padded Archer Armor
28:02 Leather Archer Armor
29:09 Ballistics
29:32 Stone Shaft Mining
28:49 Gold Mining
36:41 Imperial Age
36:04 Town Watch
39:14 Chemistry
39:18 Two-Man Saw
38:50 Crop Rotation
38:13 Elite Rattan Archer
39:00 Bracer
39:11 Siege Engineers
39:03 Murder Holes
40:32 Hoardings
51:35 Town Patrol
53:25 Ring Archer Armor
Joe Farmer
8:36 Loom
11:38 Feudal Age
16:48 Double-Bit Axe
16:45 Horse Collar
19:57 Stone Mining
20:00 Gold Mining
20:48 Wheelbarrow
23:21 Castle Age
28:11 Husbandry
29:27 Bow Saw
30:24 Hand Cart
39:09 Imperial Age
40:45 Cavalier
42:08 Heavy Plow
42:52 Gold Shaft Mining
42:57 Stone Shaft Mining
42:29 Hauberk
42:44 Conscription
41:55 Sappers
43:05 Hoardings
42:57 Conscription
42:00 Elite Serjeant
42:11 Sappers
43:17 Hoardings
43:04 Forging
42:54 Scale Mail Armor
43:00 Scale Barding Armor
47:03 Iron Casting
46:44 Chain Mail Armor
46:50 Chain Barding Armor
57:58 Blast Furnace
57:28 Plate Mail Armor
57:34 Plate Barding Armor
Connection lost

Rejoining the realm…

Still unreachable

The connection could not be restored.

Session expired

The server has moved on; the page needs a fresh start.